 Dungeon Crawl Stone Soup version 0.29-a0-620-g13ace881f2 (webtiles) character file.

Game seed: 6538013306409107489

165004 benadryl the Wrestler (level 17, -17/191 HPs)
             Began as a Troll Artificer on June 18, 2022.
             Was a High Priest of Trog.
             Demolished by a frost giant
             ... wielding a +2 battleaxe of freezing
              (44 damage)
             ... on level 4 of the Shoals.
             The game lasted 01:27:31 (28538 turns).

benadryl the Wrestler (Troll Artificer)            Turns: 28538, Time: 01:27:31

Health: -17/191    AC: 11    Str: 41    XL:     17   Next: 27%
Magic:  16/16      EV: 13    Int:  7    God:    Trog [*****.]
Gold:   2013       SH: 16    Dex: 10    Spells: 16/16 levels left

rFire   . . .      SeeInvis .     - Unarmed
rCold   + . .      Faith    .   v - +0 kite shield
rNeg    . . .      Spirit   .   M - +3 troll leather armour {Snorg}
rPois   .          Reflect  +   X - +2 hat {Will+}
rElec   .          Harm     .   Z - scarf {repulsion}
rCorr   .          Rampage  .   (gloves unavailable)
Will    ++...                   (boots unavailable)
Stlth   +.........              b - amulet "Lejixaqi" {Reflect rC+ Str+5 SH+5}
HPRegen 2.01/turn               A - +4 ring of slaying
MPRegen 0.15/turn               P - ring "Qunuirghea" {EV+4 Str+6}

@: lethally poisoned (-17 -> -22), repel missiles
A: large, unfitting armour, claws 3, regeneration 1, shaggy fur 1, tough skin 1
a: Renounce Religion, Berserk, Trog's Hand, Brothers in Arms


You were on level 4 of the Shoals.
You worshipped Trog.
Trog was extremely pleased with you.
You visited 5 branches of the dungeon, and saw 28 of its levels.
You also visited: Sewer, Ossuary, Bailey and Volcano.

You collected 3354 gold pieces.
You spent 1341 gold pieces at shops.

Inventory:

Missiles
 q - 2 curare-tipped darts
 L - 61 large rocks (quivered)
 N - 5 throwing nets
Armour
 v - a +0 kite shield (worn)
 M - a +3 troll leather armour (worn) {Snorg}
 R - quicksilver dragon scales
 X - a +2 hat of willpower (worn)
 Z - a scarf of repulsion (worn)
Jewellery
 b - the amulet "Lejixaqi" (around neck) {Reflect rC+ Str+5 SH+5}
   (You acquired it on level 15 of the Dungeon)

   [amulet of reflection]

   It reflects blocked missile attacks.
   Str:       It affects your strength (+5).
   rC:        It protects you from cold.
   SH:        It affects your SH (+5).
 s - a ring of poison resistance
 x - a ring of willpower
 A - a +4 ring of slaying (left claw)
 G - a ring of see invisible
 P - the ring "Qunuirghea" (right claw) {EV+4 Str+6}
   (You bought it in a shop on level 10 of the Dungeon)

   [ring of evasion]

   EV:        It affects your evasion (+4).
   Str:       It affects your strength (+6).
 T - a ring of protection from cold
Wands
 c - a wand of flame (17)
 d - a wand of charming (23)
 e - a wand of iceblast (26)
 j - a wand of light (6)
 o - a wand of polymorph (8)
 V - a wand of mindburst (10)
Scrolls
 a - 2 scrolls of brand weapon
 f - a scroll of blinking
 g - 16 scrolls of teleportation
 h - 8 scrolls of noise
 i - 11 scrolls of identify {@r1}
 m - 6 scrolls of fear
 y - a scroll of silence
 z - a scroll of poison
 D - 7 scrolls of enchant armour
 F - 4 scrolls of fog
 H - 4 scrolls of immolation
 I - 3 scrolls of magic mapping
 S - 2 scrolls of vulnerability
Potions
 k - 7 potions of cancellation
 l - 5 potions of flight
 n - 6 potions of might
 p - 17 potions of curing {@q1}
 r - a potion of ambrosia
 t - 3 potions of haste
 w - 8 potions of heal wounds
 B - 3 potions of attraction
 C - 2 potions of mutation
 E - 4 potions of lignification
 Q - 2 potions of resistance
Miscellaneous
 u - a phantom mirror
 J - a piece from Xom's chessboard (15/15)
 W - a condenser vane


   Skills:
 - Level 17.0 Fighting
 - Level 6.2 Throwing
 + Level 1.3 Armour
 + Level 2.5 Dodging
 - Level 0.3 Stealth
 - Level 12.1 Shields
 - Level 21.2 Unarmed Combat
 - Level 2.1 Evocations


You had 16 spell levels left.
You didn't know any spells.
Your spell library contained the following spells:

 Spells                   Type           Power      Damage    Failure   Level
 Frozen Ramparts          Ice            0%         1d2       95%         3
 Ice Form                 Ice/Tmut       0%         N/A       100%        4
 Summon Ice Beast         Ice/Summ       0%         N/A       100%        4


Dungeon Overview and Level Annotations

Branches:
Dungeon (15/15)            Temple (1/1) D:5            Lair (6/6) D:9
 Shoals (4/4) Lair:2        Snake (0/4) Lair:2        Slime (0/5) Lair:5
    Orc (2/2) D:11            Elf (0/3) Orc:2        Vaults (0/5) D:13
 Depths (0/4) D:15          Sewer (visited)         Ossuary (visited)
 Bailey (visited)         Volcano (visited)

Altars:
Dithmenos
Fedhas
Gozag
Hepliaklqana
Kikubaaqudgha
Makhleb
Nemelex Xobeh
Okawaru
Qazlal
Trog
Uskayaw
Vehumet
Wu Jian
Xom
Yredelemnul
The Shining One
Beogh
Lugonu

Shops:
D:8 *   D:10 *   Orc:2 =*[(

Portals:
Abyss: Lair:6

Annotations:
D:12 3 runed translucent doors, slackjack5000's ghost, journeyman HOMo
D:15 2 transporters
Lair:3 2 transporters, ThrustWizard's ghost, journeyman DsGl


Innate Abilities, Weirdness & Mutations

You are too large for most types of armour.
You have claws for hands.
Your natural rate of healing is unusually fast.
You are covered in fur. (AC +1)
You have tough skin. (AC +1)


Message History

The frost giant points at you and mumbles some strange words.
The bolt of cold hits you! You resist.
* * * LOW HITPOINT WARNING * * *
The faun unwields a +0 quarterstaff.
The faun wields a +0 hunting sling.
The faun shoots a sling bullet.
The sling bullet hits you but does no damage.
The sea snake is engulfed in freezing vapours.
The sea snake seems to slow down.
You block the sea snake's attack.
The merfolk impaler hits you from afar with a +0 demon trident of venom!
* * * LOW HITPOINT WARNING * * *
You are more poisoned.
Your ogre goes berserk!
You feel extremely sick.
The merfolk javelineer hits you but does no damage.
You block the merfolk impaler's attack.
The sea snake is engulfed in freezing vapours.
The sea snake bites you!
* * * LOW HITPOINT WARNING * * *
You block the frost giant's attack.
The merfolk impaler hits you from afar with a +0 demon trident of venom.
* * * LOW HITPOINT WARNING * * *
You are more poisoned.
As you read the scroll of fear, it crumbles to dust.
You assume a fearsome visage.
The merfolk javelineer looks frightened!
The frost giant easily resists.
The sea snake looks frightened!
The merfolk impaler looks frightened!
The faun looks frightened! x2
You feel very sick.
Your ogre is engulfed in freezing vapours.
The frost giant gestures at you while chanting.
The bolt of cold hits you!! You resist.
* * * LOW HITPOINT WARNING * * *
The sea snake is engulfed in freezing vapours.
The sea snake seems to slow down.
The merfolk impaler begs, "Please!
I have a lot of children!"
You feel much better.
You feel very sick. You block the merfolk impaler's attack.
The frost giant hits you with a +2 battleaxe of freezing!!!
You die...

≈≈≈....#.#####....P≈P≈≈≈
≈≈≈≈...### #......≈≈≈≈
≈≈≈P≈### ##.....≈≈≈≈
PP≈≈≈≈# .≈.. ##...≈≈≈≈≈
≈≈≈≈≈## ≈ ≈#. #.≈≈≈○≈≈≈
≈≈≈≈≈# ≈≈ ≈≈###..≈○≈≈≈≈
≈≈≈≈≈## ≈#≈#Em#..≈○≈≈≈≈≈
≈≈≈≈≈≈# ≈mtkm##.≈≈≈≈≈≈≈
≈≈P≈≈≈## #m(##@≈≈≈≈≈≈≈
P≈≈≈≈≈≈#######mCO≈≈≈≈≈≈≈
P≈≈≈≈≈≈##≈≈#≈#.≈≈≈≈≈≈≈≈≈
≈≈≈≈≈≈≈......m..S≈≈≈≈≈≈≈
≈≈≈≈≈≈..........≈≈≈≈≈≈≈≈
≈≈≈≈.............≈≈m≈≈≈≈
≈≈≈.......c......≈≈≈≈≈≈≈
≈≈≈..............≈≈≈≈≈≈≈
≈≈≈.............≈≈≈≈≈≈≈≈


You could see a frost giant (ally target), 2 merfolk impalers, a merfolk
javelineer (fleeing), a sea snake (fleeing, slow), a faun (fleeing) and a
friendly ogre (summoned, berserk).

Vanquished Creatures
  Mara (Shoals:3)
  Jorgrun (D:15)
  Gastronok (D:12)
  Kirke (D:13)
  Roxanne (D:14)
  Nessos (D:12)
  Azrael (D:15)
  Snorg (D:13)
  4 merfolk impalers
  3 ettins (D:15)
  A yaktaur captain (D:15)
  6 vault guards
  7 boulder beetles
  A rakshasa (D:15)
  A catoblepas (Lair:4)
  3 ogre magi
  4 hydras
  A merfolk avatar (Shoals:3)
  7 two-headed ogres
  7 centaur warriors
  5 merfolk aquamancers
  A deep troll shaman (D:15)
  4 tengu warriors
  5 orc high priests (Orc:2)
  3 thrashing horrors (Lair:5)
  A deep elf knight (D:15)
  7 skeletal warriors
  Nergalle (D:10)
  Amaemon (Lair:3)
  6 sea snakes
  5 harpies
  A deep elf archer (D:14)
  4 orc knights
  Pikel (D:8)
  3 deep elf zephyrmancers (D:15)
  2 wizards
  3 deep elf pyromancers
  A lindwurm (Lair:5)
  A wolf spider (D:14)
  7 fauns
  An oklob plant (Lair:5)
  3 salamanders (Volcano)
  10 ugly things
  3 orc sorcerers
  9 manticores
  16 cyclopes
  8 merfolk sirens
  10 elephants
  7 black mambas
  2 water nymphs
  3 molten gargoyles (Volcano)
  Maurice (D:9)
  2 large abominations (Lair:6)
  An orange demon (Lair:3)
  A torpor snail (Lair:6)
  3 gargoyles
  10 cane toads
  7 komodo dragons
  4 kobold demonologists (D:15)
  An unseen horror (shapeshifter) (D:15)
  3 rime drakes
  A yaktaur (D:14)
  5 tengu conjurers
  2 efreet (D:14)
  An ancient zyme (Lair:6)
  5 trolls
  13 merfolk
  Prince Ribbit (Bailey)
  A polar bear (Lair:5)
  22 slime creatures
  30 blink frogs
  4 wind drakes
  3 hornets
  12 dream sheep
  A dream sheep (shapeshifter) (D:15)
  2 centaur simulacra
  9 snapping turtles
  A spriggan (Lair:5)
  2 yaks (shapeshifter) (D:15)
  3 wyverns
  33 yaks
  3 wraiths
  4 fire elementals (D:15)
  A human (Bailey)
  2 ynoxinuls (Lair:6)
  3 fire bats (Lair:3)
  12 water elementals
  5 basilisks
  3 chaos spawn
  Grum (D:8)
  Menkaure (D:5)
  A hog (D:13)
  7 small abominations (Lair:6)
  A human (shapeshifter) (D:15)
  7 vampire mosquitoes
  A harpy simulacrum (D:15)
  A steam dragon (D:9)
  Edmund (D:5)
  3 wargs
  A naga (Lair:2)
  A hell hound (D:15)
  2 acid dragons
  12 water moccasins
  4 floating eyes (D:15)
  30 orc warriors
  Pargi (Sewer)
  An ice beast (D:5)
  4 black bears
  2 sky beasts
  11 wolves
  3 ogres (Orc:1)
  13 centaurs
  A necrophage (D:3)
  2 kobold brigands
  19 bullfrogs
  A gnoll sergeant (D:8)
  3 scorpions
  9 killer bees (D:9)
  4 howler monkeys
  A crimson imp (D:12)
  4 centaur zombies (Ossuary)
  3 hounds
  Crazy Yiuf (D:3)
  14 orc priests
  3 iguanas
  Terence (D:3)
  41 orc wizards
  6 mummies (Ossuary)
  13 gnolls
  A gnoll (shapeshifter) (Lair:6)
  7 adders
  A river rat (D:6)
  A shadow imp (D:5)
  2 white imps
  A dart slug (D:5)
  84 orcs
  8 ball pythons
  4 bats
  9 endoplasms
  3 giant cockroaches
  8 goblins
  11 hobgoblins
  2 quokkas (D:3)
  3 frilled lizards
  2 hobgoblin zombies (Ossuary)
  10 kobolds
  6 rats
  A plant (Shoals:3)
803 creatures vanquished.

Vanquished Creatures (collateral kills)
  Rupert (Lair:6)
  An orc warlord (Orc:2)
  A red draconian (Volcano)
  A hydra (D:15)
  A boulder beetle (D:15)
  A centaur warrior (D:14)
  A merfolk aquamancer (Shoals:4)
  A salamander mystic (Volcano)
  2 orc knights
  2 ugly things (D:14)
  3 fauns (Shoals:2)
  A merfolk siren (Shoals:2)
  8 elephants
  A molten gargoyle (Volcano)
  2 cane toads (Lair:4)
  A komodo dragon (D:11)
  3 merfolk
  4 dream sheep (Lair:6)
  A blink frog (Lair:6)
  2 snapping turtles (Shoals:2)
  A wraith (D:12)
  2 yaks
  3 hell hounds (D:15)
  3 orc warriors (Orc:2)
  A large abomination (Lair:6)
  2 centaurs (D:12)
  2 orc priests (Orc:2)
  2 orc wizards (Orc:2)
  An orc (Orc:2)
55 creatures vanquished.

Vanquished Creatures (others)
  2 manticores
  A yak (D:12)
  A human (D:13)
  An orc priest (Orc:2)
  44 fungi
  58 plants
107 creatures vanquished.

Grand Total: 965 creatures vanquished

Notes
Turn   | Place    | Note
-------+----------+-------------------------------------------
     0 | D:1      | benadryl the Troll Artificer began the quest for the Orb.
     0 | D:1      | Reached XP level 1. HP: 18/18 MP: 0/0
    54 | D:1      | Reached skill level 1 in Fighting
   185 | D:1      | Reached skill level 1 in Unarmed Combat
   213 | D:1      | Reached XP level 2. HP: 27/27 MP: 1/1
   811 | D:2      | Found a faded altar of an unknown god.
   834 | D:2      | Reached skill level 2 in Unarmed Combat
   975 | D:2      | Reached XP level 3. HP: 24/33 MP: 2/2
  1010 | D:2      | Found a sparkling altar of Nemelex Xobeh.
  1393 | D:3      | Noticed Terence
  1398 | D:3      | Killed Terence
  1398 | D:3      | Noticed a black bear
  1399 | D:3      | Reached skill level 3 in Unarmed Combat
  1399 | D:3      | Reached XP level 4. HP: 42/42 MP: 3/3
  1520 | D:3      | Killed a black bear
  1521 | D:3      | Reached skill level 4 in Unarmed Combat
  1521 | D:3      | Reached XP level 5. HP: 27/50 MP: 4/4
  2024 | D:3      | Found a runed translucent door.
  2025 | D:3      | Noticed Crazy Yiuf
  2033 | D:3      | Killed Crazy Yiuf
  2034 | D:3      | Reached XP level 6. HP: 55/59 MP: 5/5
  2423 | D:4      | Reached skill level 5 in Unarmed Combat
  2459 | D:4      | Found a sand-covered staircase.
  2467 | Ossuary  | Entered an ossuary
  2515 | Ossuary  | Reached skill level 1 in Shields
  2527 | Ossuary  | Reached XP level 7. HP: 64/67 MP: 6/6
  2647 | D:4      | Reached skill level 6 in Unarmed Combat
  2864 | D:4      | Found a radiant altar of Vehumet.
  3248 | D:5      | Entered Level 5 of the Dungeon
  3550 | D:5      | Reached skill level 7 in Unarmed Combat
  3550 | D:5      | Reached XP level 8. HP: 61/78 MP: 7/7
  3744 | D:5      | Found a staircase to the Ecumenical Temple.
  3772 | Temple   | Entered the Ecumenical Temple
  3818 | Temple   | Became a worshipper of Trog the Wrathful
  3940 | D:5      | Noticed Edmund
  3949 | D:5      | Killed Edmund
  4142 | D:5      | Noticed Menkaure
  4150 | D:5      | Killed Menkaure
  4151 | D:5      | Reached skill level 8 in Unarmed Combat
  4501 | D:6      | Found a glowing drain.
  4510 | Sewer    | Entered a sewer
  4531 | Sewer    | Noticed Pargi
  4546 | Sewer    | Killed Pargi
  4547 | Sewer    | Reached skill level 5 in Fighting
  4625 | D:6      | Reached * piety under Trog
  4761 | D:6      | Reached XP level 9. HP: 55/88 MP: 8/8
  5458 | D:6      | Reached skill level 9 in Unarmed Combat
  6097 | D:7      | Reached ** piety under Trog
  6672 | D:8      | Reached skill level 5 in Shields
  6970 | D:8      | Noticed Grum
  6984 | D:8      | Killed Grum
  6990 | D:8      | Reached skill level 10 in Unarmed Combat
  7057 | D:8      | Noticed Pikel
  7067 | D:8      | Killed Pikel
  7193 | D:8      | Found Daimeyminna's General Store.
  7430 | D:9      | Reached XP level 10. HP: 98/98 MP: 9/9
  7511 | D:9      | Noticed a two-headed ogre
  7542 | D:9      | Killed a two-headed ogre
  7567 | D:9      | Reached skill level 11 in Unarmed Combat
  7608 | D:9      | Found a staircase to the Lair.
  7622 | D:9      | Reached *** piety under Trog
  8005 | D:9      | Found a flagged portal.
  8008 | D:9      | Noticed Maurice
  8014 | Bailey   | Entered a bailey
  8099 | Bailey   | Noticed a vault guard
  8109 | Bailey   | Killed a vault guard
  8143 | Bailey   | Noticed Prince Ribbit
  8143 | Bailey   | Noticed a vault guard
  8156 | Bailey   | Killed a vault guard
  8157 | Bailey   | Reached skill level 12 in Unarmed Combat
  8169 | Bailey   | Killed Prince Ribbit
  8236 | D:9      | Killed Maurice
  8237 | D:9      | Reached XP level 11. HP: 109/109 MP: 10/10
  8931 | D:10     | Entered Level 10 of the Dungeon
  9115 | D:10     | Found Jasos's Antique Artefacts.
  9680 | D:10     | Noticed a two-headed ogre
  9692 | D:10     | Killed a two-headed ogre
  9993 | D:11     | Noticed a two-headed ogre
  9995 | D:11     | Noticed a six-headed hydra
 10038 | Lair:1   | Entered Level 1 of the Lair of Beasts
 10096 | D:8      | Bought a scroll of acquirement for 572 gold pieces
 10097 | D:8      | Acquired a manual of Fighting
 10175 | Lair:1   | Reached skill level 13 in Unarmed Combat
 10344 | Lair:1   | Reached **** piety under Trog
 11603 | Lair:2   | Found a staircase to the Snake Pit.
 12099 | Lair:2   | Found a staircase to the Shoals.
 12730 | Lair:3   | Reached XP level 12. HP: 119/124 MP: 11/11
 12747 | Lair:3   | Found a transporter.
 12945 | Lair:3   | Noticed Amaemon
 12960 | Lair:3   | Reached skill level 10 in Fighting
 12966 | Lair:3   | Killed Amaemon
 13011 | Lair:3   | Reached skill level 14 in Unarmed Combat
 13017 | Lair:3   | Found a dark tunnel.
 13026 | Volcano  | Entered a volcano
 13373 | Volcano  | Noticed a red draconian
 13385 | Volcano  | Killed a red draconian
 13386 | Volcano  | Reached skill level 10 in Shields
 13447 | Volcano  | Noticed an orb of fire
 13489 | Volcano  | Noticed an orb of fire
 13978 | Lair:3   | Noticed ThrustWizard's ghost (journeyman DsGl)
 13995 | Lair:3   | Found a transporter.
 14296 | D:10     | Bought a fine iron amulet for 130 gold pieces
 14296 | D:10     | Identified the amulet "Vowo" {RegenMP Rampage rElec rC-
                  | Str+8} (You bought it in a shop on level 10 of the Dungeon)
 14296 | D:10     | Bought a coiled bronze ring for 130 gold pieces
 14296 | D:10     | Identified the ring "Qunuirghea" {EV+4 Str+6} (You bought
                  | it in a shop on level 10 of the Dungeon)
 14668 | Lair:4   | Reached XP level 13. HP: 134/140 MP: 12/12
 15223 | Lair:5   | Reached skill level 15 in Unarmed Combat
 15468 | Lair:5   | Found a staircase to the Slime Pits.
 16086 | Lair:6   | Entered Level 6 of the Lair of Beasts
 16912 | Lair:6   | Noticed Rupert
 16924 | Lair:6   | Killed Rupert
 17123 | Lair:6   | Reached XP level 14. HP: 140/156 MP: 13/13
 17688 | Lair:6   | Reached skill level 16 in Unarmed Combat
 17710 | Lair:6   | Found a corrupted altar of Lugonu.
 17710 | Lair:6   | Found a one-way gate to the infinite horrors of the Abyss.
 18929 | D:11     | Noticed Nergalle
 19021 | D:10     | Killed Nergalle
 19086 | D:11     | Reached skill level 1 in Throwing
 19149 | D:11     | Identified the -1 pair of gloves of Riteuwk {Fly rElec}
 19183 | D:11     | Found a staircase to the Orcish Mines.
 19605 | Orc:1    | Entered Level 1 of the Orcish Mines
 19783 | Orc:1    | Reached ***** piety under Trog
 20001 | Orc:1    | Found a bloodstained altar of Trog.
 20055 | Orc:2    | Entered Level 2 of the Orcish Mines
 20147 | Orc:2    | Noticed an orc warlord
 20163 | Orc:2    | Killed an orc warlord
 20176 | Orc:2    | Received a gift from Trog
 20651 | Orc:2    | Reached skill level 15 in Fighting
 20758 | Orc:2    | Found Doth's General Store.
 20759 | Orc:2    | Found Mes Icog's Jewellery Boutique.
 20771 | Orc:2    | Found Hauhass's Antique Armour Shop.
 20771 | Orc:2    | Found Ficiace's Antique Weapon Shop.
 20884 | Orc:2    | Reached skill level 17 in Unarmed Combat
 21012 | Orc:2    | Found a staircase to the Elven Halls.
 21367 | Orc:2    | Bought a runed scarf for 240 gold pieces
 21659 | D:12     | Reached XP level 15. HP: 161/167 MP: 14/14
 21946 | D:12     | Noticed Nessos
 21978 | D:12     | Killed Nessos
 22178 | D:12     | Found a runed translucent gate.
 22179 | D:12     | Found a runed translucent gate.
 22180 | D:12     | Found a runed translucent gate.
 22182 | D:12     | Noticed slackjack5000's ghost (journeyman HOMo)
 22199 | D:12     | Noticed Gastronok
 22212 | D:12     | Killed Gastronok
 22335 | D:12     | Identified the +1 leather armour "Boxuguff" {+Inv MP-9
                  | Stlth+}
 22407 | D:12     | You fall into a shaft and drop 2 floors!
 22700 | D:13     | Noticed Kirke
 22709 | D:13     | Killed Kirke
 22764 | D:13     | Reached skill level 5 in Throwing
 22764 | D:13     | Found a gate to the Vaults.
 23111 | D:13     | Noticed Snorg
 23122 | D:13     | Killed Snorg
 23436 | D:14     | Reached skill level 18 in Unarmed Combat
 23690 | D:14     | Identified Roxanne's Handbook of the Mountains
 23690 | D:14     | Noticed Roxanne
 23699 | D:14     | Killed Roxanne
 23927 | D:14     | Received a gift from Trog
 24114 | D:14     | Found a shimmering altar of Xom.
 24242 | D:15     | Entered Level 15 of the Dungeon
 24262 | D:15     | Paralysed by a floating eye for 4 turns
 24507 | D:15     | Noticed Azrael
 24536 | D:15     | Reached skill level 19 in Unarmed Combat
 24537 | D:15     | Killed Azrael
 24538 | D:15     | Reached XP level 16. HP: 140/179 MP: 15/15
 24921 | D:8      | Bought a scroll of magic mapping for 38 gold pieces
 24921 | D:8      | Bought a +2 hat of willpower for 231 gold pieces
 25207 | D:15     | Noticed Jorgrun
 25215 | D:15     | Killed Jorgrun
 25285 | D:15     | Found a shimmering altar of Xom.
 25329 | D:15     | Identified the ring of Oluomeocs {Dex+6 Stlth+}
 25506 | D:15     | Acquired the amulet "Lejixaqi" {Reflect rC+ Str+5 SH+5}
 25560 | D:15     | Found a transporter.
 25583 | D:15     | Identified the ring "Kujed" {Ice Slay+2}
 25672 | D:15     | Found a bloodstained altar of Trog.
 25824 | D:15     | Found a staircase to the Depths.
 26014 | D:15     | Identified the ring of Light {rC- Str+3 Int+2 SInv}
 26028 | D:15     | Found a shimmering altar of Xom.
 26060 | D:15     | Found a transporter.
 26191 | D:15     | Reached skill level 20 in Unarmed Combat
 26255 | D:15     | Reached ****** piety under Trog
 26489 | Shoals:1 | Entered Level 1 of the Shoals
 27459 | Shoals:1 | Received a gift from Trog
 27820 | Shoals:3 | Reached XP level 17. HP: 72/189 MP: 16/16
 27920 | Shoals:3 | Reached skill level 21 in Unarmed Combat
 28239 | Shoals:3 | Noticed Mara
 28247 | Shoals:3 | Killed Mara
 28313 | Shoals:4 | Entered Level 4 of the Shoals
 28525 | Shoals:4 | Reached skill level 1 in Armour
 28537 | Shoals:4 | HP: 4/191 [frost giant/bolt of cold (21)]
 28538 | Shoals:4 | Demolished by a frost giant

Illustrated notes

Levels and vault maps discovered:
D:1:      dpeg_arrival_renting, layout_basic
D:2:      layout_loops_ring, basic_altar, nicolae_ecumenical_pavilion
D:3:      layout_basic, uniq_terence, uniq_crazy_yiuf_cottage
D:4:      layout_basic, nicolae_overflow_crystal_walls,
          nicolae_ossuary_entry_plus
D:5:      layout_loops_cross, minmay_temple_entry_drinking_statues,
          uniq_menkaure, uniq_edmund
D:6:      layout_basic, serial_glass, glass_columns_b, glass_columns_c,
          portal_sewer_entry_a
D:7:      layout_loops_corners, st_stairs_7
D:8:      layout_loops_cross, serial_shops, nicolae_shop_stone, uniq_pikel,
          uniq_grum
D:9:      layout_basic, erik_lair_orcish_takeover, enter_bailey_6, uniq_maurice
D:10:     layout_rooms, minmay_misc_feat_diagonals, chequers_avenue,
          corexii_checkpoint_a, nicolae_antique_artefacts
D:11:     layout_cave_pools, minmay_orc_entry_temple_small,
          nzn_sisyphean_effort, uniq_nergalle
D:12:     layout_cave_pools, maelrawn_ghost_gauntlet_escape,
          minmay_fire_ice_demons, uniq_nessos, uniq_gastronok
D:13:     layout_irregular_city, david_vaults_2, uniq_snorg, uniq_kirke
D:14:     layout_small_grid, xom_teletrap_fun, minivault_28, uniq_roxanne
D:15:     hangedman_spin_cycle, uniq_jorgrun
Temple:   regret_index_temple_sigil_plot
Lair:1:   layout_cave_pods
Lair:2:   layout_layer_cave, minmay_shoals_entry_centaurs,
          minmay_snake_entry_guardpost_small, grunt_megastairs_1
Lair:3:   layout_cellular_growth, gammafunk_ghost_abyssal_escape,
          nicolae_volcano_entry_batcave, lemuel_fruit_fields, uniq_amaemon
Lair:4:   layout_gridlike
Lair:5:   layout_concentric_octagons, minmay_slime_entry_oklob_enclosed
Lair:6:   hellmonk_lair_end_abyssal_woods, layout_regular_city,
          serial_bayou_pond_c, chequers_serial_rivers_micro_b, uniq_rupert
Shoals:1: layout_shoals, nicolae_shoals_nautilus_by_nature
Shoals:2: layout_shoals, nicolae_shoals_seven_spires
Shoals:3: layout_shoals, hangedman_shoals_cup_caves, uniq_mara
Shoals:4: shoals_end_grunt_ice, layout_shoals
Orc:1:    layout_caves, basic_altar
Orc:2:    st_orc_congregation, layout_diamond_mine, nicolae_orc_lava_tube,
          bh_open_orc_temple

Skill      XL: |  1  2  3  4  5  6  7  8  9 10 11 12 13 14 15 16 17 |
---------------+----------------------------------------------------+-----
Fighting       | 1 2 3 4 5 6 7 9 12 14 15 16 17 | 17.0
Unarmed Combat | 1 2 3 4 5 7 8 10 12 13 14 15 17 19 20 21 | 21.2
Shields        | 1 3 4 5 7 8 10 11 12 | 12.1
Throwing       | 3 5 6 |  6.2
Dodging        | 2 |  2.5
Armour         | 1 |  1.3
Stealth        | |  0.3
Evocations     | |  2.1

Action                   |  1- 3 |  4- 6 |  7- 9 | 10-12 | 13-15 | 16-18 || total
-------------------------+-------+-------+-------+-------+-------+-------++-------
Melee: Unarmed           |    81 |    88 |   336 |   476 |  1045 |   414 ||  2440
       Punch             |     1 |       |       |       |       |       ||     1
Throw: Dart              |     1 |     4 |     1 |     3 |     5 |       ||    14
       Large rock        |       |       |       |       |    22 |    18 ||    40
Invok: Berserk           |       |       |     2 |     9 |     9 |     2 ||    22
       Trog's Hand       |       |       |       |     1 |       |       ||     1
       Brothers in Arms  |       |       |       |     3 |    11 |     8 ||    22
Evoke: Wand              |       |       |       |    13 |     1 |       ||    14
       Condenser vane    |       |       |       |       |     2 |       ||     2
  Use: Scroll            |       |     3 |    13 |     9 |    10 |     3 ||    38
       Potion            |       |       |       |     1 |     2 |     2 ||     5
 Stab: Sleeping          |     4 |     1 |    12 |     4 |     1 |       ||    22
       Distracted        |       |       |       |       |     1 |       ||     1
       Confused          |       |       |       |       |     2 |       ||     2
Armor: Robe              |    21 |    24 |   109 |   121 |    31 |       ||   306
       Skin              |       |       |     1 |       |       |       ||     1
       Quicksilver drago |       |       |       |       |   271 |       ||   271
       Troll leather arm |       |       |       |       |    28 |    94 ||   122
Dodge: Dodged            |    48 |    52 |    86 |   202 |   614 |   170 ||  1172
       Repelled          |       |       |       |       |     5 |     9 ||    14
Block: Kite shield       |       |    20 |   111 |   230 |   582 |   383 ||  1326
       Reflection        |       |       |       |       |       |    46 ||    46

Table legend: (Time is in decaauts)
 A = Elapsed time spent in this place.
 B = Non-inter-level travel time spent in this place.
 C = Inter-level travel time spent in this place.
 D = Time resting spent in this place.
 E = Time spent auto-exploring this place.
 F = Levels seen in this place.
 G = Mean time per level.
                   A        B        C        D        E       F      G
               +--------+--------+--------+--------+--------+-----+--------+
         Total |  28646 |  25889 |   2757 |   6137 |  11233 |  32 |  895.2 |
       Dungeon |  15437 |  14027 |   1410 |   3437 |   7148 |  15 | 1029.1 |
        Temple |     77 |      2 |     75 |      0 |      0 |   1 |   77.0 |
          Lair |   7905 |   7183 |    722 |   1380 |   3927 |   6 | 1317.5 |
        Shoals |   2212 |   2160 |     52 |    643 |      0 |   4 |  553.0 |
  Orcish Mines |   1803 |   1306 |    497 |    355 |    109 |   2 |  901.5 |
         Sewer |     94 |     94 |      0 |      0 |     23 |   1 |   94.0 |
       Ossuary |    152 |    152 |      0 |     20 |      0 |   1 |  152.0 |
        Bailey |    234 |    234 |      0 |     41 |     26 |   1 |  234.0 |
       Volcano |    728 |    728 |      0 |    259 |      0 |   1 |  728.0 |
               +--------+--------+--------+--------+--------+-----+--------+

Top non-repeatable levels by time:
  Lair:6: 1841 daAuts
  Lair:5: 1733 daAuts
    D:15: 1681 daAuts
     D:9: 1545 daAuts
  Lair:2: 1323 daAuts
  Lair:1: 1312 daAuts
    D:10: 1250 daAuts
     D:6: 1199 daAuts
    D:11: 1090 daAuts
     D:5: 1059 daAuts
     D:7: 954 daAuts
   Orc:2: 948 daAuts
    D:13: 914 daAuts
    D:12: 898 daAuts
     D:8: 880 daAuts
